woodfighter, neutral female human Priestess # ########`###########` ----- #-----.---.-.. # |...|# ---- #|...........|# * |...|#` D*.%#%####|...%.......| #|....# #-------------- D%%| #|............# ###...--# ` .............| `##-.-------.-.-### # # # #+............| ## # ##*# * ## # *#|............| # *## # * # # # # #|........<...| # ## # * ## ## #---------.---- ################################ # ## #### # # # #-----...-.------## # # # # # # |...............# # # ### ## # |..............| # # # --|---------# -..............| # # ## |....>.....|# |..............| ############# ---- -|-- |..........|# ---------------- #-------# |.......| |..........|# #......|####-.......| |..........-# |{(...-# |.......| ------------ -----|- --------- ^ woodfighter the Priestess Experience level: 11 Strength: 25 Dexterity: 15 Constitution: 18 Intelligence: 19 Wisdom: 17 Charisma: 9 Health: 0(73) Energy: 113(113) Def: 21 Gold: 92 Moves: 14403 Dungeon seed: M9tkXxKhhqo8Vvq9 Game ID: woodfighter_1598458899 Your Inventory: Coins $ - 92 gold pieces Amulets T - an amulet of reflection (being worn) Weapons a - a blessed +1 mace (weapon in hand) M - a +0 dwarvish spear S - a blessed +0 dwarvish spear (in quiver) Armor e - a +0 robe n - a +0 small shield (being worn) r - a +0 pair of gauntlets of dexterity z - a blessed +4 cloak of displacement (being worn) C - a +0 helmet (being worn) N - a +0 pair of gauntlets of power (being worn) O - a blessed greased +3 gray dragon scale mail (being worn) Y - a +0 pair of speed boots (being worn) Comestibles H - 8 food rations Z - a lizard corpse Potions V - a potion of sickness Rings v - a ring of regeneration (on right hand) D - a ring of fire resistance (on left hand) R - a ring of poison resistance Wands d - a wand of digging (0:5) f - a wand of teleportation (0:1) g - a wand of fire (0:4) h - a wand of death (0:7) U - a wand of digging (0:6) Tools c - a +0 pick-axe p - a brass lantern (0:1139) q - a +0 unicorn horn s - a blessed bag of holding y - a skeleton key W - a towel Gems L - a blessed luckstone P - 2 jades Contents of the bag of holding: 16951 gold pieces an amulet versus poison a [+0] mummy wrapping a cursed [-3] pair of fumble boots a +0 pair of water walking boots an egg 2 lizard corpses a sprig of wolfsbane a scroll of destroy armor a blessed scroll of enchant armor a scroll of fire a blessed scroll of identify a scroll of light a scroll of remove curse 2 scrolls of teleportation a spellbook of light a blessed potion of confusion a potion of extra healing 2 potions of full healing a potion of gain energy a blessed potion of healing a cursed potion of healing a potion of oil a potion of unholy water a potion of water a ring of fire resistance a wand of create monster [0:14] a wand of fire [0:6] a wand of lightning [0:4] a wand of magic missile [0:7] a wand of make invisible [0:4] a wand of polymorph [0:6] a wand of secret door detection [0:10] a wand of slow monster [0:7] a cursed wand of striking [0:7] a [+0] unicorn horn 3 topazes Spells and supernatural/magical abilities: Name Level Category Fail Memory h - healing 1 healing 57% 28% p - protection 1 clerical 75% 28% O - create monster 2 clerical 75% 28% W - pray for help -- divine ? -- X - turn undead -- divine ? -- Your skills at the end: Miscellaneous Skills shield [Basic] wands [Basic] Weapon Skills mace [Expert] Spellcasting Skills clerical spells [Basic] Final Attributes: You were piously aligned. You were fire resistant. You were cold resistant. You were sleep resistant. You were shock resistant. You were poison resistant. You were magic-protected. Your writing hand was a little cramped from use. You were telepathic. You were invisible. You were displaced. You were somewhat stealthy. You regenerated. You were very fast. You had reflection. You were extremely lucky. You had extra luck. Good luck did not time out for you. You are dead. Vanquished creatures: 5 baby green dragons 3 black puddings 2 ghosts 3 giant mimics a fire giant an Elvenking a rock troll a long worm a stalker 2 elf-lords 3 small mimics an ettin mummy a pyrolisk a large dog a shocking sphere a gargoyle 2 tengu 2 ochre jellies 2 crocodiles 2 chameleons a leocrotta an energy vortex an elf mummy a red naga 4 Grey-elves an ettin zombie 4 soldiers a watchman a giant beetle a cockatrice a winter wolf cub 2 black lights a lynx 42 leprechauns a quivering blob 3 lizards 6 orc-captains 3 iron piercers a horse 2 ice vortices a vampire bat 3 gnome kings an orc mummy a dwarf mummy a brown pudding a Green-elf an owlbear a chickatrice a housecat 4 blue jellies a white unicorn a black unicorn 2 dust vortices a gnome mummy a snake 2 apes 3 human zombies 2 rope golems a soldier ant 3 yellow lights 17 bugbears 2 wood nymphs 5 Mordor orcs a rock mole 2 rock piercers 2 fog clouds 3 shriekers a violet fungus 19 gnome lords 6 gnomish wizards a black naga hatchling a guardian naga hatchling 4 gray oozes 2 elf zombies 2 straw golems 6 giant ants 3 puppies a floating eye a kitten 16 dwarves 3 homunculi 3 quasits 3 kobold lords 5 iguanas 7 hill orcs 8 rothes 2 rabid rats 2 jitterbugs 7 giant bats 2 monkeys 8 orc zombies 5 dwarf zombies a wererat 30 killer bees 6 coyotes 2 gas spores 9 hobbits 3 large kobolds 7 geckos 15 hobgoblins 10 giant rats 6 cave spiders 4 brown molds a yellow mold 2 red molds 57 gnomes 3 garter snakes 9 manes 4 gnome zombies 11 jackals 4 foxes 3 kobolds 12 newts 6 sewer rats 10 grid bugs a bat 3 lichens 5 kobold zombies 520 creatures vanquished. Genocided species: disenchanters 1 species genocided. Voluntary challenges: You did not cause conflict. You had been an atheist until turn 11955. You used a wielded weapon 801 times, starting on turn 215. You did not use plumbed fixtures. You read items or engraved 3 times, starting on turn 4558. You genocided 1 type of monster, starting on turn 12315. You never polymorphed an object. You never changed form. You completed Sokoban on turn 6862, according to the rules. You used 1 wish, starting on turn 3841. You did not wish for any artifacts. You split 2 puddings, starting on turn 13865. You never wrote Elbereth's name. You never violated your personal moral code. Dungeon overview: The Dungeons of Doom: levels 1 to 17 Level 1 some fountains a long staircase Level 2 stairs to The Gnomish Mines Level 3 (vault) a general store, a fountain, a sink Level 4 (vault) an armor shop, some fountains Level 5 (water) a general store, a fountain Level 6 Level 7 Level 8 a fountain Level 9 (unicorn) many fountains Level 10 a fountain, a sink stairs to Sokoban Level 11 (water + vault) some fountains Level 12 a fountain portal to Fort Ludios Level 13 an altar to Loki, a sink Level 14 a fountain Level 15 (quest) portal to The Quest Level 16 (vault) <- You were here a fountain Level 17 The Gnomish Mines: levels 3 to 10 Level 3 stairs to The Dungeons of Doom Level 4 Level 5 (water) many shops, a temple to Loki, a magic chest, some trees Level 6 Level 7 Level 8 Level 9 Level 10 a magic chest, a fountain The Quest: Level 1 portal to The Dungeons of Doom Sokoban: levels 6 to 9 Level 6 a magic chest Level 7 Level 8 Level 9 a magic chest stairs to The Dungeons of Doom Fort Ludios: Level 1 portal to The Dungeons of Doom History has recorded: On T:1 you entered the Dungeons of Doom to retrieve the Amulet of Yendor! On T:49 you reached level 2 of The Dungeons of Doom. On T:375 you reached level 3 of The Dungeons of Doom. On T:586 you reached level 1 of The Gnomish Mines. On T:844 you advanced to experience level 2. On T:1069 you reached level 4 of The Dungeons of Doom. On T:1214 you advanced to experience level 3. On T:1221 you reached level 5 of The Dungeons of Doom. On T:1321 you advanced to experience level 4. On T:1630 you reached level 6 of The Dungeons of Doom. On T:1834 you advanced to experience level 5. On T:1959 you reached level 7 of The Dungeons of Doom. On T:2500 you reached level 8 of The Dungeons of Doom. On T:2887 you advanced to experience level 6. On T:2917 you reached level 9 of The Dungeons of Doom. On T:3363 you reached level 10 of The Dungeons of Doom. On T:3470 you advanced to experience level 7. On T:3642 you reached level 4 of Sokoban. On T:3832 you opened a magic chest. On T:3841 you wished for "+3 blessed greased fixed gray dragon scale mail". On T:4403 you reached level 2 of The Gnomish Mines. On T:4927 you reached level 3 of Sokoban. On T:4941 you advanced to experience level 8. On T:5487 you reached level 2 of Sokoban. On T:5824 you reached level 1 of Sokoban. On T:6862 you advanced to experience level 9. On T:6862 you entered the Sokoban zoo. On T:7717 you reached level 3 of The Gnomish Mines. On T:7779 you reached level 4 of The Gnomish Mines. On T:8028 you entered the Minetown temple On T:8555 you reached level 5 of The Gnomish Mines. On T:8669 you reached level 7 of The Gnomish Mines. On T:8675 you reached level 6 of The Gnomish Mines. On T:9417 you reached level 8 of The Gnomish Mines. On T:9417 you reached the bottom of the Mines. On T:10218 you advanced to experience level 10. On T:11429 you reached level 11 of The Dungeons of Doom. On T:11566 you reached level 12 of The Dungeons of Doom. On T:11955 you prayed to Odin. On T:12056 you reached Fort Ludios. On T:12191 you reached level 13 of The Dungeons of Doom. On T:12692 you reached level 14 of The Dungeons of Doom. On T:13192 you advanced to experience level 11. On T:13330 you reached level 15 of The Dungeons of Doom. On T:13845 you reached level 1 of The Quest. On T:14045 you reached level 16 of The Dungeons of Doom. On T:14246 you reached level 17 of The Dungeons of Doom. On T:14246 you entered the Rogue tribute level. Score breakdown: Gold: 17043 ( 1704 points) Experience: 11 levels ( 1000 points) Exploration: 20 levels ( 570 points) Discoveries: 81 items ( 2000 points) Variety of kills: 118 monsters ( 2000 points) Major goal: Sokoban/Mines ( 1500 points) Survival: died (score multiplied by 3) Total score: 26322 Latest messages: You kill the baby green dragon! V - a milky potion. $ - 48 gold pieces. You see here 2 worthless pieces of green glass. You hit the baby green dragon! The baby green dragon misses. You hit the baby green dragon! (2x) The blast of poison gas hits the baby green dragon. The blast of poison gas hits you! But it reflects from your medallion! The blast of poison gas hits the baby green dragon. You hit the baby green dragon! The baby green dragon bites! You hit the baby green dragon! The baby green dragon bites! You kill the baby green dragon! You hit the baby green dragon! (2x) The baby green dragon misses. The elder green dragon bites! The elder green dragon claws you! The elder green dragon misses. You hit the baby green dragon! The baby green dragon misses. The elder green dragon bites! The elder green dragon misses. The elder green dragon claws you! You die... Final status: Goodbye woodfighter the Priestess, killed by an elder green dragon... You died in The Dungeons of Doom on dungeon level 16 with 26322 points, and 17043 pieces of gold, after 14403 moves. You were level 11 with a maximum of 73 hit points when you died.